SL
LAS VEGAS FLAMINGOS @ ROCKY MOUNTAIN NUGGETS
08/02/2019
 
TOP OF THE 1ST
Las Vegas Flamingos batting - Pitching for Rocky Mountain Nuggets : RHP Hunter Wilson
Pitching: RHP Hunter Wilson
Batting: RHB Bill Taylor 0-0: Ground out 4-3 (Groundball, 4)
Batting: RHB David Gómez 0-0: Ball
1-0: Fly out, F3 (Line Drive, 3L)
Batting: LHB José Meléndez 0-0: Ground out 1-3 (Groundball, 25)
Top of the 1st over - 0 run(s), 0 hit(s), 0 error(s), 0 left on base; Las Vegas 0 - Rocky Mountain 0
BOTTOM OF THE 1ST
Rocky Mountain Nuggets batting - Pitching for Las Vegas Flamingos : RHP Rich Hunter
Pitching: RHP Rich Hunter
Batting: RHB Xie-li Kan 0-0: Ball
1-0: Ball
2-0: Bunt missed!
2-1: Swinging Strike
2-2: Ground out 6-3 (Groundball, 6)
Batting: RHB Mark O'Monaghan 0-0: Called Strike
0-1: Foul Ball, location: 2F
0-2: Foul Ball, location: 2F
0-2: Ground out 6-3 (Groundball, 6)
Batting: RHB Mark Melton 0-0: Called Strike
0-1: Ball
1-1: Ground out 6-3 (Groundball, 6)
Bottom of the 1st over - 0 run(s), 0 hit(s), 0 error(s), 0 left on base; Las Vegas 0 - Rocky Mountain 0
TOP OF THE 2ND
Las Vegas Flamingos batting - Pitching for Rocky Mountain Nuggets : RHP Hunter Wilson
Batting: RHB Terry Sylvester 0-0: SINGLE (Line Drive, 7LS)
Batting: RHB Jeff Young 0-0: Ball
1-0: Foul Ball, location: 2F
1-1: Foul Ball, location: 2F
1-2: SINGLE (Groundball, 56)
Terry Sylvester to second
Batting: RHB Steven Talley 0-0: Ball
1-0: Called Strike
1-1: Ball
2-1: Ball
3-1: Called Strike
3-2: SINGLE (Line Drive, 7LS)
Terry Sylvester to third
Jeff Young to second
Runner from 3rd tries for Home, SAFE, no throw or cutoff
Batting: RHB Matt Sheppard 0-0: Ball
1-0: Called Strike
1-1: Ball
2-1: Ball
3-1: Called Strike
3-2: Fielders Choice at 2nd, 1-6 (Groundball, 13)
Jeff Young to third
Batting: RHB Carlos Rodríguez 0-0: Fly out, F7 (Flyball, 7LD)
Runner from 3rd tags up, SCORES, no throw
Now in LF: Jason Potter
Batting: RHB Rich Hunter 0-0: Called Strike
0-1: Fly out, F9 (Line Drive, 9S)
Top of the 2nd over - 2 run(s), 3 hit(s), 0 error(s), 1 left on base; Las Vegas 2 - Rocky Mountain 0
BOTTOM OF THE 2ND
Rocky Mountain Nuggets batting - Pitching for Las Vegas Flamingos : RHP Rich Hunter
Batting: RHB Michael Riley 0-0: Ground out 4-3 (Groundball, 4)
Batting: SHB Jim Morris 0-0: Ground out U3 (Groundball, 3)
Batting: SHB Jorge Colomo 0-0: Foul Ball, location: 2F
0-1: Ball
1-1: Foul Ball, location: 2F
1-2: DOUBLE (Line Drive, 9M)
Batting: RHB Juan Ávila 0-0: Foul Ball, location: 2F
0-1: Called Strike
0-2: 2-RUN HOME RUN (Flyball, 7D), Distance : 368 ft
Batting: LHB Jason Potter 0-0: Called Strike
0-1: SOLO HOME RUN (Flyball, 9D), Distance : 367 ft
Batting: RHB Hunter Wilson 0-0: SINGLE (Line Drive, 78S)
Batting: RHB Xie-li Kan 0-0: Ball
1-0: Called Strike
1-1: Foul Ball, location: 2F
1-2: Ball
2-2: Strikes out swinging
Bottom of the 2nd over - 3 run(s), 4 hit(s), 0 error(s), 1 left on base; Las Vegas 2 - Rocky Mountain 3
TOP OF THE 3RD
Las Vegas Flamingos batting - Pitching for Rocky Mountain Nuggets : RHP Hunter Wilson
Batting: RHB Bill Taylor 0-0: Called Strike
0-1: Called Strike
0-2: Ground out 1-3 (Groundball, 15S)
Batting: RHB David Gómez 0-0: Foul Ball, location: 2F
0-1: Called Strike
0-2: Strikes out swinging
Batting: LHB José Meléndez 0-0: Ball
1-0: Ball
2-0: Ball
3-0: Called Strike
3-1: Swinging Strike
3-2: Base on Balls
Batting: RHB Terry Sylvester 0-0: SINGLE (Line Drive, 7LS)
José Meléndez to second
Batting: RHB Jeff Young 0-0: Ball
1-0: Called Strike
1-1: Fielders Choice at 2nd, 5-4 (Groundball, 56)
Top of the 3rd over - 0 run(s), 1 hit(s), 0 error(s), 1 left on base; Las Vegas 2 - Rocky Mountain 3
BOTTOM OF THE 3RD
Rocky Mountain Nuggets batting - Pitching for Las Vegas Flamingos : RHP Rich Hunter
Batting: RHB Mark O'Monaghan 0-0: Ball
1-0: Ball
2-0: Ball
3-0: Base on Balls
Batting: RHB Mark Melton 0-0: Called Strike
0-1: Ball
1-1: Ball
2-1: Ball
3-1: Called Strike
3-2: Base on Balls
Mark O'Monaghan to second
Batting: RHB Michael Riley 0-0: Called Strike
0-1: Swinging Strike
0-2: Ball
1-2: Ball
2-2: Strikes out swinging
Batting: SHB Jim Morris 0-0: Ball
1-0: Called Strike
1-1: Ball
2-1: Foul Ball, location: 2F
2-2: Ball
3-2: Foul Ball, location: 2F
3-2: SINGLE (Groundball, 34D)
Mark O'Monaghan to third
Mark Melton to second
Mark O'Monaghan scores
Mark Melton to third
Pitching: RHP Erik Davis
Batting: SHB Jorge Colomo 0-0: DOUBLE (Line Drive, 7LS)
Mark Melton scores
Jim Morris to third
Batting: RHB Juan Ávila 0-0: Swinging Strike
0-1: Fly out, F9 (Popup, 9LS)
Batting: LHB Jason Potter 0-0: Called Strike
0-1: Ball
1-1: Called Strike
1-2: Foul Ball, location: 2F
1-2: Ball
2-2: Ball
3-2: Ground out 6-3 (Groundball, 6M)
Bottom of the 3rd over - 2 run(s), 2 hit(s), 0 error(s), 2 left on base; Las Vegas 2 - Rocky Mountain 5
TOP OF THE 4TH
Las Vegas Flamingos batting - Pitching for Rocky Mountain Nuggets : RHP Hunter Wilson
Batting: RHB Steven Talley 0-0: Foul Ball, location: 2F
0-1: Ball
1-1: SOLO HOME RUN (Flyball, 7LD), Distance : 341 ft
Batting: RHB Matt Sheppard 0-0: Called Strike
0-1: Ball
1-1: Called Strike
1-2: Foul Ball, location: 2F
1-2: Ball
2-2: Ground out 6-3 (Groundball, 6MS)
Batting: RHB Carlos Rodríguez 0-0: Called Strike
0-1: Fly out, F9 (Popup, 4D)
Batting: RHB Erik Davis 0-0: Called Strike
0-1: Foul Ball, location: 2F
0-2: Strikes out swinging
Top of the 4th over - 1 run(s), 1 hit(s), 0 error(s), 0 left on base; Las Vegas 3 - Rocky Mountain 5
BOTTOM OF THE 4TH
Rocky Mountain Nuggets batting - Pitching for Las Vegas Flamingos : RHP Erik Davis
Batting: RHB Hunter Wilson 0-0: Ball
1-0: Foul Ball, location: 2F
1-1: Ground out 4-3 (Groundball, 4M)
Batting: RHB Xie-li Kan 0-0: Ball
1-0: Called Strike
1-1: Foul Ball, location: 2F
1-2: Ball
2-2: Foul Ball, location: 2F
2-2: Ball
3-2: Foul Ball, location: 2F
3-2: Ground out 6-3 (Groundball, 6M)
Batting: RHB Mark O'Monaghan 0-0: Hit by Pitch
Batting: RHB Mark Melton 0-0: Fielders Choice at 2nd, 6-4 (Groundball, 6)
Bottom of the 4th over - 0 run(s), 0 hit(s), 0 error(s), 0 left on base; Las Vegas 3 - Rocky Mountain 5
TOP OF THE 5TH
Las Vegas Flamingos batting - Pitching for Rocky Mountain Nuggets : RHP Hunter Wilson
Batting: RHB Bill Taylor 0-0: Ball
1-0: Called Strike
1-1: Called Strike
1-2: Strikes out swinging
Batting: RHB David Gómez 0-0: Fly out, F7 (Flyball, 78D)
Batting: LHB José Meléndez 0-0: Ball
1-0: Foul Ball, location: 2F
1-1: SINGLE (Flyball, 7S)
Batting: RHB Terry Sylvester 0-0: Ball
1-0: Ball
2-0: Ball
3-0: Called Strike
3-1: Called Strike
3-2: Strikes out looking
Top of the 5th over - 0 run(s), 1 hit(s), 0 error(s), 1 left on base; Las Vegas 3 - Rocky Mountain 5
BOTTOM OF THE 5TH
Rocky Mountain Nuggets batting - Pitching for Las Vegas Flamingos : RHP Erik Davis
Batting: RHB Michael Riley 0-0: Foul Ball, location: 2F
0-1: Ball
1-1: Ball
2-1: Swinging Strike
2-2: Foul Ball, location: 2F
2-2: Ball
3-2: DOUBLE (Line Drive, 7LS)
Batting: SHB Jim Morris 0-0: Called Strike
0-1: Foul Ball, location: 2F
0-2: Strikes out swinging
Batting: SHB Jorge Colomo 0-0: Ball
1-0: Ground out 4-3 (Groundball, 4)
Michael Riley to third
Batting: RHB Juan Ávila 0-0: Called Strike
0-1: Ground out 6-3 (Groundball, 6)
Bottom of the 5th over - 0 run(s), 1 hit(s), 0 error(s), 1 left on base; Las Vegas 3 - Rocky Mountain 5
TOP OF THE 6TH
Las Vegas Flamingos batting - Pitching for Rocky Mountain Nuggets : RHP Hunter Wilson
Batting: RHB Jeff Young 0-0: Ball
1-0: Called Strike
1-1: SINGLE (Line Drive, 4M)
Batting: RHB Steven Talley 0-0: Ball
1-0: Foul Ball, location: 2F
1-1: Fly out, F9 (Flyball, 9M)
Batting: RHB Matt Sheppard 0-0: Foul Ball, location: 2F
0-1: Foul Ball, location: 2F
0-2: Grounds into double play, U6-3 (Groundball, 6M)
Top of the 6th over - 0 run(s), 1 hit(s), 0 error(s), 0 left on base; Las Vegas 3 - Rocky Mountain 5
BOTTOM OF THE 6TH
Rocky Mountain Nuggets batting - Pitching for Las Vegas Flamingos : RHP Erik Davis
Batting: LHB Jason Potter 0-0: Foul Ball, location: 2F
0-1: Called Strike
0-2: Ball
1-2: Ball
2-2: DOUBLE (Line Drive, 89D)
Batting: RHB Hunter Wilson 0-0: Bunted foul
0-1: Sac Bunt - play at third, runner safe!
Batting: RHB Xie-li Kan 0-0: Ball
Passed Ball!
Jason Potter scores
Hunter Wilson to second
1-0: Foul Ball, location: 2F
1-1: Fly out, F9 (Flyball, 9LMF)
Batting: RHB Mark O'Monaghan 0-0: Ball
1-0: Ball
2-0: Called Strike
2-1: Ground out 4-3 (Groundball, 4)
Hunter Wilson to third
Pitching: RHP Carlos Rúbio
Now in RF: Bill Becker
Batting: RHB Mark Melton 0-0: Foul Ball, location: 2F
0-1: Ball
1-1: Ball
2-1: Fly out, F7 (Flyball, 7M)
Bottom of the 6th over - 1 run(s), 1 hit(s), 0 error(s), 1 left on base; Las Vegas 3 - Rocky Mountain 6
TOP OF THE 7TH
Las Vegas Flamingos batting - Pitching for Rocky Mountain Nuggets : RHP Hunter Wilson
Batting: RHB Carlos Rodríguez 0-0: Foul Ball, location: 2F
0-1: Called Strike
0-2: Foul Ball, location: 2F
0-2: Strikes out looking
Batting: SHB Bill Becker 0-0: Ball
1-0: Ball
2-0: Swinging Strike
2-1: SINGLE (Groundball, 34D)
Batting: RHB Bill Taylor 0-0: Ball
1-0: Ball
2-0: Called Strike
2-1: Foul Ball, location: 2F
2-2: Ball
3-2: SINGLE (Groundball, 34D)
Bill Becker to second
Runner from 2nd tries for 3rd, SAFE, throw made to third
Bill Taylor to second
Batting: RHB David Gómez 0-0: Called Strike
0-1: Swinging Strike
0-2: Ball
1-2: Ball
2-2: SINGLE (Line Drive, 89S)
Bill Becker scores
Bill Taylor to third
Batting: LHB José Meléndez 0-0: Ball
1-0: Called Strike
1-1: Called Strike
1-2: Ball
2-2: Foul Ball, location: 2F
2-2: Fly out, F9 (Flyball, 9D)
Runner from 3rd tags up, SCORES, no throw
Pitching: RHP Juan Carlos Maestas
Batting: RHB Terry Sylvester 0-0: Ball
1-0: Ball
2-0: Called Strike
2-1: Foul Ball, location: 2F
2-2: Strikes out swinging
Top of the 7th over - 2 run(s), 3 hit(s), 0 error(s), 1 left on base; Las Vegas 5 - Rocky Mountain 6
BOTTOM OF THE 7TH
Rocky Mountain Nuggets batting - Pitching for Las Vegas Flamingos : RHP Carlos Rúbio
Batting: RHB Michael Riley 0-0: Called Strike
0-1: Ball
1-1: Ball
2-1: Foul Ball, location: 2F
2-2: Foul Ball, location: 2F
2-2: Ground out 6-3 (Groundball, 6MS)
Batting: SHB Jim Morris 0-0: Called Strike
0-1: Ball
1-1: Called Strike
1-2: Ground out 4-3 (Groundball, 4)
Batting: SHB Jorge Colomo 0-0: Swinging Strike
0-1: DOUBLE (Line Drive, 9LM)
Batting: RHB Juan Ávila 0-0: Fly out, F9 (Flyball, 89S)
Bottom of the 7th over - 0 run(s), 1 hit(s), 0 error(s), 1 left on base; Las Vegas 5 - Rocky Mountain 6
TOP OF THE 8TH
Las Vegas Flamingos batting - Pitching for Rocky Mountain Nuggets : RHP Juan Carlos Maestas
Pitching: RHP Richard Allison
Now at C: Clint Anthony
Batting: RHB Jeff Young 0-0: Ball
1-0: Ball
2-0: Foul Ball, location: 2F
2-1: Called Strike
2-2: Strikes out swinging
Pinch Hitting: RHB Floyd Mitchell 0-0: Ball
1-0: Foul Ball, location: 2F
1-1: Ball
2-1: Foul Ball, location: 2F
2-2: Strikes out swinging, 2-3 out at first.
Batting: RHB Matt Sheppard 0-0: Called Strike
0-1: Ball
1-1: Ball
2-1: Ball
3-1: Foul Ball, location: 2F
3-2: Strikes out swinging
Top of the 8th over - 0 run(s), 0 hit(s), 0 error(s), 0 left on base; Las Vegas 5 - Rocky Mountain 6
BOTTOM OF THE 8TH
Rocky Mountain Nuggets batting - Pitching for Las Vegas Flamingos : RHP Carlos Rúbio
Pitching: LHP Russ Melanson
Batting: LHB Jason Potter 0-0: Foul Ball, location: 2F
0-1: Called Strike
0-2: Foul Ball, location: 2F
0-2: Ball
1-2: Foul Ball, location: 2F
1-2: Foul Ball, location: 2F
1-2: Strikes out swinging
Batting: RHB Clint Anthony 0-0: Foul Ball, location: 2F
0-1: Ball
1-1: Ground out 5-3 (Groundball, 56S)
Batting: RHB Xie-li Kan 0-0: Ball
1-0: SINGLE (Line Drive, 9S)
Pinch Hitting: RHB David Verhoeve 0-0: Ball
1-0: Ball
2-0: Called Strike
2-1: Ball
3-1: Base on Balls
Xie-li Kan to second
Batting: RHB Mark Melton 0-0: Fielders Choice at 2nd, U6 (Groundball, 6M)
Bottom of the 8th over - 0 run(s), 1 hit(s), 0 error(s), 2 left on base; Las Vegas 5 - Rocky Mountain 6
TOP OF THE 9TH
Las Vegas Flamingos batting - Pitching for Rocky Mountain Nuggets : RHP Richard Allison
Pitching: RHP Ramón Tovar
Now at SS: Paul Smith
Now in LF: David Verhoeve
Batting: RHB Carlos Rodríguez 0-0: Called Strike
0-1: Ground out 5-3 (Groundball, 5S)
Batting: SHB Bill Becker 0-0: Called Strike
0-1: Called Strike
0-2: Ball
1-2: Strikes out swinging
Batting: RHB Bill Taylor 0-0: Ball
1-0: Foul Ball, location: 2F
1-1: Ball
2-1: Fly out, F8 (Flyball, 8LXD)
Top of the 9th over - 0 run(s), 0 hit(s), 0 error(s), 0 left on base; Las Vegas 5 - Rocky Mountain 6
This league is powered by Out of the Park Baseball, the baseball management simulation game for PC, Mac and Linux
Saturday, July 25th, 2015 - OOTP Baseball 15.6 Build 34